 Dungeon Crawl Stone Soup version bcrawl-1.13 (webtiles) character file.

Game seed: 10035052040501782916

331 Camlann the Slasher (level 6, 25/47 HPs)
             Began as a Demonspawn Archaeologist on July 28, 2019.
             Quit the game on level 3 of the Dungeon.
             The game lasted 00:04:33 (1968 turns).

Camlann the Slasher (Demonspawn Archaeologist)      Turns: 1968, Time: 00:04:33

Health: 25/47      AC:  6    Str: 13    XL:     6   Next: 26%
Magic:  6/6        EV: 13    Int: 15    God:
Gold:   164        SH:  1    Dex: 12    Spells: 5/5 levels left

rFire    + . .     SeeInvis .   f - -1 butterfly sword {speed, MR+ *Curse} (curse)
rCold    . . .     Gourm    .   (shield currently unavailable)
rNeg     . . .     Faith    .   b - +1 robe
rPois    .         Spirit   .   l - +1 hat
rElec    .         Reflect  .   (no cloak)
rCorr    .         Harm     .   j - +1 pair of gloves
MR       +....                  (no boots)
Stlth    ++++......             (no amulet)
HPRegen  0.15/turn              a - ring of stealth
MPRegen  0.10/turn              (no ring)

@: no status effects
A: hooves 1, fire resistance 1
a: no special abilities


You were on level 3 of the Dungeon.
You were not hungry.

You visited 1 branch of the dungeon, and saw 3 of its levels.

You collected 164 gold pieces.


Innate Abilities, Weirdness & Mutations

You have large cloven feet.
Your flesh is heat resistant. (rF+)


   Skills:
 - Level 3.0 Fighting
 + Level 6.8 Long Blades
   Level 0.8 Maces & Flails
 - Level 2.6 Dodging
 - Level 3.0 Stealth


You had 5 spell levels left.
You didn't know any spells.
Your spell library was empty.

Dungeon Overview and Level Annotations

Branches:
Dungeon (3/12)

Altars:
Gozag
Vehumet

Inventory:

Hand Weapons
 f - the cursed -1 butterfly sword (weapon) {speed, MR+ *Curse} Attacks with this weapon are significantly faster. It affects your resistance to hostile enchantments. It curses itself when equipped. It has a curse placed upon it.
Missiles
 h - 265 bolts
Armour
 b - a +1 robe (worn)
 j - a +1 pair of gloves (worn)
   (You found it on level 1 of the Dungeon)
 l - a +1 hat (worn)
   (You found it on level 2 of the Dungeon)
Jewellery
 a - a ring of stealth (left hand)
   (You found it on level 1 of the Dungeon)
Scrolls
 i - 2 scrolls of remove curse
Comestibles
 g - 7 rations {!d}

#....... #....... #.......
####.......
#+####..........
#.#.............
#.#.##....).....
#.#########.#.##)....)....
#........6.....[).........
............#.########.#.#
#############.# #.#.# #.#
#.#J# #.# #.#.# ... #.#(#
... #.#.# ... #.#.# ..
#.#.#


There were no monsters in sight!


Message History

The gnoll barely misses you. The orc misses you.
A frilled lizard comes into view.
The frilled lizard moves out of view.
You are too injured to fight recklessly!
You closely miss the kobold. You closely miss the kobold.
Your kick misses the kobold.
You are feeling very hungry.
The kobold misses you.
You slash the kobold!
You kill the kobold!
The gnoll misses you.
You barely miss the orc. Your kick misses the orc. You completely miss the orc.
You kick the orc.
The orc is heavily wounded.
The gnoll closely misses you. The orc closely misses you.
You slash the orc!
You kill the orc!
You slash the gnoll!
You kill the gnoll!
The gnoll closely misses you. The hobgoblin hits you with a +0 club.
Things that are here:
a +0 scale mail; a +1 hand axe of freezing; a kobold corpse You hit the hobgoblin but do no damage.
The gnoll hits you with a +0 halberd!
* * * LOW HITPOINT WARNING * * *
You closely miss the gnoll. You kick the gnoll, but do no damage.
The hobgoblin hits you but does no damage.
You closely miss the gnoll. The gnoll barely misses you.
You slash the gnoll!
The gnoll is heavily wounded.
The butterfly disappears in a puff of smoke!
You hit the gnoll but do no damage.
The gnoll is heavily wounded.
The hobgoblin hits you with a +0 club!
* * * LOW HITPOINT WARNING * * *
The gnoll hits you with a +0 halberd.
* * * LOW HITPOINT WARNING * * *
You hit the gnoll but do no damage. You kick the gnoll.
The gnoll is severely wounded.
You hit the gnoll.
You kill the gnoll!
The hobgoblin hits you with a +0 club.
* * * LOW HITPOINT WARNING * * *
You slash the hobgoblin!
You kill the hobgoblin!
You now have 164 gold pieces (gained 23).
Things that are here:
a +0 halberd; a gnoll corpse You butcher the gnoll corpse.
The butterfly disappears in a puff of smoke!
c - a chunk of flesh {@w1}
Things that are here:
a +0 halberd; a gnoll skeleton
Things that are here:
a +0 scale mail; a +1 hand axe of freezing; a kobold corpse The kobold corpse isn't edible.
You start resting.
Eating a chunk of flesh {@w1}.
You eat the chunk of flesh {@w1}.
This raw flesh tastes terrible.
The butterfly disappears in a puff of smoke! x2
An adder comes into view.
An adder is nearby!
You are too injured to fight recklessly!
Are you sure you want to abandon this character and quit the game? (Confirm with "yes".)
Okay, then.
Unknown command.
Are you sure you want to abandon this character and quit the game? (Confirm with "yes".)
Okay, then.
Unknown command.
Are you sure you want to abandon this character and quit the game? (Confirm with "yes".)

Action                   |  1- 3 |  4- 6 || total
-------------------------+-------+-------++-------
Melee: Whip              |    42 |       ||    42
       Dagger            |    38 |    73 ||   111
       Kick              |     3 |    27 ||    30
       Great sword       |       |    33 ||    33
  Use: Scroll            |     1 |     3 ||     4
       Potion            |       |     3 ||     3
 Stab: Sleeping          |    10 |     4 ||    14
  Eat: Chunk             |       |     3 ||     3
Armor: Robe              |    33 |    14 ||    47
Dodge: Dodged            |    51 |    55 ||   106

Levels and vault maps discovered:
D:1:      elethiomel_arrival_shortcut, layout_basic, corner_web_ring,
          hex_intersection, minmay_misc_feat_four_crosses, serial_park_tiny_1,
          st_stairs_11
D:2:      layout_loops_cross, nicolae_overflow_hidden_temple, serial_glass,
          glass_columns_c, glass_columns_c, glass_columns_a, glass_columns_a,
          glass_columns_a, glass_columns_b, glass_columns_a, glass_columns_a,
          glass_columns_c, glass_columns_a, glass_columns_b, glass_columns_b,
          glass_columns_c, glass_columns_c, minmay_misc_feat_doors,
          kennysheep_generic_room_12
D:3:      layout_basic, old_standard_altar, first_ration

Notes
Turn   | Place    | Note
-------+----------+-------------------------------------------
     0 | D:1      | Camlann the Demonspawn Archaeologist began the quest for
                  | the Orb.
     0 | D:1      | Reached XP level 1. HP: 15/15 MP: 1/1
   139 | D:1      | Reached skill level 2 in Fighting
   149 | D:1      | Gained mutation: You have large cloven feet. [demonic
                  | ancestry]
   149 | D:1      | Reached XP level 2. HP: 17/22 MP: 2/2
   759 | D:2      | Reached skill level 3 in Fighting
   768 | D:2      | Reached XP level 3. HP: 27/29 MP: 3/3
   979 | D:2      | Noticed a sky beast
   985 | D:2      | Killed a sky beast
   985 | D:2      | Reached skill level 4 in Long Blades
   985 | D:2      | Gained mutation: Your flesh is heat resistant. (rF+)
                  | [demonic ancestry]
   985 | D:2      | Reached XP level 4. HP: 35/35 MP: 4/4
  1114 | D:2      | Found an opulent altar of Gozag.
  1116 | D:2      | Found a radiant altar of Vehumet.
  1324 | D:3      | Reached XP level 5. HP: 35/41 MP: 5/5
  1332 | D:3      | Reached skill level 5 in Long Blades
  1510 | D:3      | Reached skill level 6 in Long Blades
  1531 | D:3      | HP: 6/41 [orc priest/nerve-wracking pain (14)]
  1534 | D:3      | Reached XP level 6. HP: 8/47 MP: 6/6
  1849 | D:3      | HP: 9/47 [gnoll/+0 halberd (3)]
  1968 | D:3      | Quit the game

Vanquished Creatures
  A sky beast (D:2)
  2 orc priests (D:3)
  2 orc wizards (D:3)
  4 gnolls (D:3)
  2 adders (D:3)
  2 oozes (D:3)
  A worm (D:2)
  A dart slug (D:3)
  2 leopard geckos (D:1)
  6 orcs (D:3)
  2 giant cockroaches
  7 goblins
  3 hobgoblins
  6 bats
  5 frilled lizards
  8 kobolds
  5 rats
59 creatures vanquished.
